 Dungeon Crawl Stone Soup version 0.29.0-13-gc9e81de378 (webtiles) character file.

Game seed: 11782104564744594088

36 rogsnak the Magician (level 3, 0/28 HPs)
             Began as a Naga Hedge Wizard on Sept 8, 2022.
             Constricted to death by Terence (4 damage)
             ... on level 2 of the Dungeon.
             The game lasted 00:04:55 (2102 turns).

rogsnak the Magician (Naga Hedge Wizard)            Turns: 2102, Time: 00:04:55

Health: 0/28       AC:  6    Str: 12    XL:     3   Next: 37%
Magic:  1/8        EV:  4    Int: 16    God:
Gold:   84         SH:  0    Dex: 10    Spells: 3/9 levels left

rFire   . . .      SeeInvis +   y - +0 mace
rCold   . . .      Faith    .   (no shield)
rNeg    . . .      Spirit   .   b - +0 robe
rPois   +          Reflect  .   c - +0 hat
rElec   .          Harm     .   (no cloak)
rCorr   +          Rampage  .   (no gloves)
Will    .....                   m - +0 barding
Stlth   ++........              (no amulet)
HPRegen 0.09/turn               x - ring of resist corrosion
MPRegen 0.11/turn               (no ring)

@: grasped by roots, on blink cooldown, constricted, very slow
A: AC +1, large, see invisible, deformed body, poison resistance, slowness 2,
spit poison 1, naga tail 1
a: Spit Poison


You were on level 2 of the Dungeon.
You visited 1 branch of the dungeon, and saw 2 of its levels.

You collected 84 gold pieces.

Inventory:

Hand Weapons
 a - a +0 dagger
 u - a +0 short sword
 y - a +0 mace (weapon)
Missiles
 f - 21 stones
 h - 3 poisoned darts
 o - 2 curare-tipped darts
 q - 2 silver javelins
Armour
 b - a +0 robe (worn)
 c - a +0 hat (worn)
 m - a +0 barding (worn)
 n - a +0 leather armour
Jewellery
 x - a ring of resist corrosion (left hand)
Scrolls
 e - a scroll of magic mapping {unknown}
 g - a scroll of identify {unknown}
 j - a scroll of fear {unknown}
 k - a scroll of teleportation {unknown}
 l - a scroll of amnesia {unknown}
 s - a scroll of immolation {unknown}
 w - a scroll of vulnerability {unknown}
Potions
 d - a potion of magic
 i - a potion of mutation {unknown}
 p - a potion of ambrosia {unknown}
 r - a potion of lignification {unknown}
 t - a potion of haste {unknown}
 v - a potion of brilliance {unknown}


   Skills:
 + Level 0.1 Fighting
 + Level 1.7 Dodging
 - Level 3.2 Stealth
 + Level 3.7 Spellcasting
 * Level 1.4 Conjurations
 + Level 1.0 Summonings
 + Level 1.0 Translocations


You had 3 spell levels left.
You knew the following spells:

 Your Spells              Type           Power      Damage    Failure   Level
a - Magic Dart            Conj           28%        1d4       10%         1
b - Blink                 Tloc           12%        N/A       17%         2
c - Mephitic Cloud        Conj/Pois/Air  4%         N/A       38%         3

Your spell library contained the following spells:

 Spells                   Type           Power      Damage    Failure   Level
 Slow                     Hex            12%        N/A       17%         1
 Call Imp                 Summ           6%         N/A       17%         2
 Conjure Flame            Conj/Fire      5%         6-21      36%         3
 Ignite Poison            Fire/Tmut/Pois 3%         N/A       45%         3
 Sticky Flame             Conj/Fire      5%         2d3       77%         4


Dungeon Overview and Level Annotations

Branches:
Dungeon (2/15)

Altars:

Shops:
D:1 *

Annotations:
D:2 Terence


Innate Abilities, Weirdness & Mutations

Your serpentine skin is tough. (AC +1)
You have supernaturally acute eyesight. (SInv)
Armour fits poorly on your strangely shaped body.
Your system is resistant to poisons. (rPois)
You cover ground very slowly.
You can spit poison.
You have a snake-like lower body.


Message History

Aim: Terence, wielding a +0 hand axe, wearing a +0 scale mail and carrying a wand of roots (8) (severely wounded, 100% to hit)
The magic dart hits Terence but does no damage.
Terence is severely wounded.
Terence hits you with a +0 hand axe.
Casting: Magic Dart (safe; 10% risk of failure)
Confirm with . or Enter, or press ? or * to list all spells.
Aiming: Magic Dart (safe; 10% risk of failure)
Press: ? - help, Shift-Dir - straight line, f/p - Terence
Aim: Terence, wielding a +0 hand axe, wearing a +0 scale mail and carrying a wand of roots (8) (severely wounded, 100% to hit)
The magic dart hits Terence.
Terence is severely wounded.
You have got your breath back.
Terence hits you with a +0 hand axe!
* * * LOW HITPOINT WARNING * * *
Unknown command.
Aiming: Spit Poison (2% risk of failure)
Press: ? - help, Shift-Dir - straight line, f/p - Terence
Aim: Terence, wielding a +0 hand axe, wearing a +0 scale mail and carrying a wand of roots (8) (severely wounded, 65% to hit)
The splash of poison hits Terence but does no damage.
Terence is severely wounded.
Terence says, "Rest in peace."
Terence hits you with a +0 hand axe.
* * * LOW HITPOINT WARNING * * *
Unknown command.
Casting: Magic Dart (safe; 10% risk of failure)
Confirm with . or Enter, or press ? or * to list all spells.
You blink.
Unknown command.
Casting: Blink (safe; 17% risk of failure)
Confirm with . or Enter, or press ? or * to list all spells.
Aiming: Magic Dart (safe; 10% risk of failure)
Press: ? - help, Shift-Dir - straight line, f/p - Terence
Aim: Terence, wielding a +0 hand axe, wearing a +0 scale mail and carrying a wand of roots (8) (severely wounded, 100% to hit)
The magic dart hits Terence but does no damage.
Terence is severely wounded.
You have got your breath back.
Terence zaps a wand.
The roots erupt in riotous growth!
The grasping roots grab you! The grasping roots constrict you.
You die...

# ### ### #.. ..###
#.# #...#### #.#
###...... #.# #.....#
#.#
#>#@.@############.#
#.#....ยง............
#.##..#########.##.#
#<....# #.##.#
####.## #.##.# #...#
#.##.. #...# #>####
#...# #.#### ###.#
#.....


You could see Terence.

Vanquished Creatures
  An adder (D:2)
  A worm (D:2)
  4 endoplasms
  A giant cockroach (D:1)
  A goblin (D:1)
  2 hobgoblins (D:1)
  A jackal (D:1)
  2 kobolds
  2 quokkas
  A ball python (D:1)
  3 bats
  A frilled lizard (D:1)
  2 rats
22 creatures vanquished.

Notes
Turn   | Place    | Note
-------+----------+-------------------------------------------
     0 | D:1      | rogsnak the Naga Hedge Wizard began the quest for the Orb.
     0 | D:1      | Reached XP level 1. HP: 15/15 MP: 4/4
   388 | D:1      | Reached XP level 2. HP: 22/22 MP: 4/6
   429 | D:1      | Learned a level 2 spell: Blink
   767 | D:1      | Found Rada Foelet's General Store.
  1142 | D:2      | Noticed Terence
  1335 | D:2      | Reached XP level 3. HP: 15/28 MP: 1/8
  1339 | D:2      | Learned a level 3 spell: Mephitic Cloud
  2102 | D:2      | Constricted to death by Terence

Illustrated notes

Levels and vault maps discovered:
D:1:      dpeg_arrival_brainrot, layout_basic, serial_shops,
          nicolae_shop_window_shopping
D:2:      layout_loops_ring, uniq_terence

Action                   || total
-------------------------++-------
Melee: Dagger            ||    28
       Mace              ||     6
       Short sword       ||     5
 Cast: Magic Dart        ||    60
       Blink             ||     6
 Abil: Spit Poison       ||    10
Armor: Robe              ||    22
Dodge: Dodged            ||    19
